 Dungeon Crawl Stone Soup version 0.29-a0-6-ga859fcf985 (webtiles) character file.

Game seed: 299237956605185974

353 Lekart the Cutter (level 6, -1/53 HPs)
             Began as a Draconian Chaos Knight on Jan 27, 2022.
             Was a Plaything of Xom.
             Succumbed to a killer bee's poison
             ... on level 5 of the Dungeon.
             The game lasted 00:07:42 (4690 turns).

Lekart the Cutter (Draconian Chaos Knight)          Turns: 4690, Time: 00:07:43

Health: -1/53      AC:  7    Str: 12 (14) XL:     6   Next: 35%
Magic:  9/9        EV: 13    Int: 10 (12) God:    Xom [......]
Gold:   197        SH:  0    Dex: 13      Spells: 9/9 levels left

rFire   . . .      SeeInvis .   l - +2 dagger (freeze)
rCold   + . .      Faith    .   (no shield)
rNeg    + . .      Spirit   .   (armour unavailable)
rPois   .          Reflect  .   (helmet restricted)
rElec   .          Harm     .   i - +0 cloak
rCorr   .          Rampage  .   (no gloves)
Will    .....                   (no boots)
Stlth   +.........              (no amulet)
HPRegen 0.17/turn               c - ring of positive energy
MPRegen 0.11/turn               d - ring of protection from cold

@: lethally poisoned (-1 -> -11)
A: AC +6, unfitting armour, cold-blooded
a: Renounce Religion


You were on level 5 of the Dungeon.
You worshipped Xom.
You were a very special plaything of Xom.
You visited 1 branch of the dungeon, and saw 5 of its levels.

You collected 197 gold pieces.

Inventory:

Hand Weapons
 a - a +0 short sword of chaos
 l - a +2 dagger of freezing (weapon)
Missiles
 h - 8 poisoned darts (quivered)
Armour
 i - a +0 cloak (worn)
Jewellery
 c - a ring of positive energy (left hand)
 d - a ring of protection from cold (right hand)
 e - a +6 ring of strength
 k - a ring of ice
Scrolls
 f - 2 scrolls of teleportation
Potions
 b - a potion of cancellation
 j - a potion of lignification


   Skills:
 + Level 4.5 Fighting
 + Level 5.0 Short Blades
 + Level 0.8 Throwing
 + Level 3.2 Dodging
 * Level 2.2 Spellcasting


You had 9 spell levels left.
You didn't know any spells.
Your spell library contained the following spells:

 Spells                   Type           Power      Damage    Failure   Level
 Foxfire                  Conj/Fire      4%         2x1d4     30%         1
 Conjure Flame            Conj/Fire      1%         6-21      67%         3
 Frozen Ramparts          Ice            2%         1d2       67%         3
 Inner Flame              Hex/Fire       1%         N/A       67%         3
 Flame Wave               Conj/Fire      1%         2d4       97%         4
 Ice Form                 Ice/Tmut       1%         N/A       97%         4
 Summon Ice Beast         Ice/Summ       1%         N/A       97%         4


Dungeon Overview and Level Annotations

Branches:
Dungeon (5/15)
 Temple: D:4-7

Altars:

Annotations:
D:3 3 runed translucent doors, libidonplus's ghost, novice HOFi


Innate Abilities, Weirdness & Mutations

Your plain brown scales are hard. (AC +6)
You cannot fit into any form of body armour.
You are cold-blooded and may be slowed by cold attacks.


Message History

Okay, then.
You feel very sick. The killer bee misses you.
You feel very sick.
The killer bee barely misses your ufetubus.
The killer bee stings you but does no damage.
The killer bee stings you!
* * * LOW HITPOINT WARNING * * *
The killer bee stings you.
* * * LOW HITPOINT WARNING * * *
The killer bee barely misses you. The killer bee closely misses you.
The killer bee misses you.
* * * LOW HITPOINT WARNING * * *
You feel sick. The killer bee stings you.
* * * LOW HITPOINT WARNING * * *
You are more poisoned.
The killer bee poisons you!
The killer bee barely misses your ufetubus.
Your ufetubus misses the killer bee. Your ufetubus hits the killer bee.
The killer bee stings your ufetubus.
The killer bee stings you but does no damage.
The killer bee closely misses your ufetubus.
The killer bee barely misses you.
Your ufetubus hits the killer bee.
Your ufetubus completely misses the killer bee.
The killer bee closely misses you.
Okay, then.
You open the door.
* * * LOW HITPOINT WARNING * * *
You feel very sick. The killer bee closely misses you.
The killer bee barely misses your ufetubus.
The killer bee stings your ufetubus!
Your ufetubus dies!
Your ufetubus disappears in a puff of smoke!
The killer bee closely misses you. The killer bee barely misses you.
The killer bee stings you but does no damage.
The killer bee closely misses you. The killer bee stings you.
* * * LOW HITPOINT WARNING * * *
You die...
Xom bursts into laughter!

+..............#######.......#
#..............#.....'.......#
#..............#.....#.......#
#..............#.....#.......#
.......#######.......#
.....................#
.......yyy....#########
########.yy....#........
.......@..y....#........
.......#.......'.y......
.......#.......#........
#+######.......#...##..#
......####...# ..#
......#......# ...
......#....^.# ...
.....#......# (.. ... #......#
...


You could see 6 killer bees.

Vanquished Creatures
  A hound (D:5)
  A hound skeleton (D:4)
  2 adders
  12 gnolls
  A worm (D:3)
  A dart slug (D:1)
  5 orcs
  6 endoplasms
  A giant cockroach (D:3)
  10 hobgoblins
  2 jackals (D:3)
  4 quokkas
  5 ball pythons
  8 bats
  5 frilled lizards
  5 goblins
  5 kobolds
  7 rats
81 creatures vanquished.

Vanquished Creatures (collateral kills)
  A phantom (D:4)
  A gnoll (D:4)
2 creatures vanquished.

Grand Total: 83 creatures vanquished

Notes
Turn   | Place    | Note
-------+----------+-------------------------------------------
     0 | D:1      | Lekart the Draconian Chaos Knight began the quest for the
                  | Orb.
     0 | D:1      | Reached XP level 1. HP: 19/19 MP: 1/1
   163 | D:1      | XOM: divination: magic mapping
   401 | D:1      | Reached XP level 2. HP: 26/26 MP: 2/2
   477 | D:1      | XOM: 1-stop teleportation journey
   791 | D:1      | XOM: 1-stop teleportation journey
   944 | D:1      | Found a faded altar of an unknown god.
  1054 | D:1      | Reached XP level 3. HP: 25/33 MP: 4/4
  1285 | D:1      | Reached skill level 1 in Spellcasting
  1333 | D:1      | XOM: divination: magic mapping
  1524 | D:2      | XOM: silly message
  1530 | D:2      | XOM: divination: detect items
  1849 | D:2      | XOM: divination: detect creatures
  1853 | D:2      | Reached XP level 4. HP: 40/40 MP: 5/5
  1967 | D:1      | XOM: silly message
  2191 | D:2      | XOM: silly message
  2304 | D:3      | Found a runed translucent gate.
  2304 | D:3      | Found a runed translucent gate.
  2304 | D:3      | Found a runed translucent gate.
  2483 | D:3      | XOM: divination: magic mapping
  2494 | D:3      | Reached skill level 4 in Short Blades
  2835 | D:3      | Noticed libidonplus's ghost (novice HOFi)
  3305 | D:4      | Reached XP level 5. HP: 46/46 MP: 7/7
  3333 | D:4      | XOM: silly message
  3497 | D:4      | XOM: potion effect (brilliance)
  3499 | D:4      | XOM: silly message
  3635 | D:4      | XOM: divination: magic mapping
  3663 | D:4      | XOM: potion effect (brilliance)
  3664 | D:4      | XOM: cast spell 'Summon Horrible Things'
  3989 | D:4      | Noticed a phantom
  4005 | D:4      | XOM: summons friendly ufetubus
  4018 | D:4      | Killed a phantom
  4019 | D:4      | Reached XP level 6. HP: 53/53 MP: 7/9
  4101 | D:4      | XOM: polymorph ufetubus -> shadow imp
  4352 | D:5      | Entered Level 5 of the Dungeon
  4550 | D:5      | Reached skill level 5 in Short Blades
  4684 | D:5      | XOM: summons friendly ufetubus
  4689 | D:5      | HP: 2/53 [poisoned by a killer bee]
  4690 | D:5      | Succumbed to a killer bee's poison

Illustrated notes

Levels and vault maps discovered:
D:1:      lemuel_arrival_broad_hall, layout_loops_corners,
          dreamdust_ecumenical_altar_statues
D:2:      layout_rooms, minmay_misc_feat_enclosed
D:3:      layout_rooms, gammafunk_ghost_icy, hangedman_glass_teeth,
          kennysheep_big_empty_room
D:4:      nicolae_BIG_FREAKIN_CUBE, layout_basic
D:5:      layout_gridville, serial_shops, nicolae_take_the_stairs

Skill      XL: |  1  2  3  4  5  6 |
---------------+-------------------+-----
Spellcasting   | 1 2 |  2.2
Fighting       | 4 |  4.5
Short Blades   | 4 5 |  5.0
Dodging        | 3 |  3.2
Throwing       | |  0.8

Action                   |  1- 3 |  4- 6 || total
-------------------------+-------+-------++-------
Melee: Short sword       |   129 |    94 ||   223
       Tailslap          |    17 |    25 ||    42
       Punch             |     1 |     3 ||     4
       Dagger            |       |    78 ||    78
Throw: Dart              |     9 |     1 ||    10
  Use: Scroll            |     3 |     4 ||     7
       Potion            |       |     3 ||     3
 Stab: Paralysed         |       |     1 ||     1
       Sleeping          |       |     2 ||     2
Armor: Skin              |    44 |    55 ||    99
Dodge: Dodged            |    84 |   100 ||   184

Table legend: (Time is in decaauts)
 A = Elapsed time spent in this place.
 B = Non-inter-level travel time spent in this place.
 C = Inter-level travel time spent in this place.
 D = Time resting spent in this place.
 E = Time spent auto-exploring this place.
 F = Levels seen in this place.
 G = Mean time per level.
                   A        B        C        D        E       F      G
               +--------+--------+--------+--------+--------+-----+--------+
         Total |   4655 |   4559 |     96 |   1107 |   2540 |   5 |  931.0 |
       Dungeon |   4655 |   4559 |     96 |   1107 |   2540 |   5 |  931.0 |
               +--------+--------+--------+--------+--------+-----+--------+

Top non-repeatable levels by time:
     D:1: 1618 daAuts
     D:4: 1282 daAuts
     D:3: 928 daAuts
     D:2: 675 daAuts
     D:5: 150 daAuts
